 Dungeon Crawl Stone Soup version 0.24-b1-30-g840c9efd86 (webtiles) character file.

Game seed: 4352158243468661479, levelgen mode: deterministic

2667 Mesmaeker13 the Skirmisher (level 9, -14/78 (79) HPs)
             Began as a Demigod Wanderer on Oct 24, 2019.
             Engulfed by a cloud of flame (36 damage)
             ... on level 6 of the Dungeon.
             The game lasted 00:13:14 (9124 turns).

Mesmaeker13 the Skirmisher (Demigod Wanderer)       Turns: 9124, Time: 00:13:15

HP:   -14/78 (79)   AC: 11    Str: 20    XL:     9   Next: 14%
MP:   21/21         EV: 12    Int: 21    God:
Gold: 110           SH:  0    Dex: 16    Spells: 7/8 levels left

rFire    x . .     SeeInvis .   d - +3 flail of Yscheaf {flame, rC+ MP+9}
rCold    + + .     Gourm    .   (no shield)
rNeg     + . .     Faith    .   y - +2 scale mail of Focus {-Tele rPois Int+5 Slay+2}
rPois    +         Spirit   .   (no helmet)
rElec    .         Reflect  .   (no cloak)
rCorr    .         Harm     .   E - +0 pair of gloves
MR       .....     NoTele   +   (no boots)
Stlth    ..........             (no amulet)
HPRegen  0.23/turn              u - ring of positive energy
MPRegen  0.17/turn              C - ring of ice (curse)

@: no status effects
A: high mp 1
a: no special abilities


You were on level 6 of the Dungeon.
You were not hungry.

You visited 1 branch of the dungeon, and saw 6 of its levels.

You collected 373 gold pieces.
You spent 263 gold pieces at shops.

Inventory:

Hand Weapons
 d - the +3 flail of Yscheaf (weapon) {flame, rC+ MP+9}
   (You bought it in a shop on level 4 of the Dungeon)

   It has been specially enchanted to burn those struck by it, causing extra
   injury to most foes and up to half again as much damage against particularly
   susceptible opponents.
   It protects you from cold.
   It affects your magic capacity (+9).
Missiles
 b - a curare-tipped dart (quivered)
 i - 34 poisoned darts
 o - 4 javelins
 v - 8 atropa-tipped darts
Armour
 y - the +2 scale mail of Focus (worn) {-Tele rPois Int+5 Slay+2}
   (You found it on level 4 of the Dungeon)

   It affects your intelligence (+5).
   It affects your accuracy and damage with ranged weapons and melee attacks
   (+2).
   It protects you from poison.
   It prevents most forms of teleportation.
 D - the +5 robe of Night {Dark MR+ SInv}
   (You found it on level 5 of the Dungeon)

   It affects your resistance to hostile enchantments.
   It lets you see invisible.
 E - a +0 pair of gloves (worn)
Jewellery
 j - a cursed -3 ring of strength
 u - a ring of positive energy (left hand)
 C - a cursed ring of ice (right hand)
 G - an uncursed ring of see invisible
Wands
 B - a wand of digging (7)
 F - a wand of acid (5)
Scrolls
 e - a scroll of amnesia
 g - 2 scrolls of noise
 k - 3 scrolls of teleportation
 n - 5 scrolls of magic mapping
 p - a scroll of remove curse
 q - 2 scrolls of enchant armour
 t - a scroll of random uselessness {unknown}
 x - a scroll of enchant weapon {unknown}
 A - a scroll of fear {unknown}
 J - 2 scrolls of identify
Potions
 c - a potion of curing
 h - a potion of flight {unknown}
 l - a potion of might {unknown}
 m - a potion of agility
 s - 4 potions of lignification
 w - 2 potions of haste {unknown}
 z - a potion of heal wounds {unknown}
 H - a potion of berserk rage {unknown}
 I - a potion of brilliance {unknown}
Comestibles
 f - 10 rations
 r - 3 chunks of flesh


   Skills:
 + Level 7.5 Fighting
   Level 2.6 Short Blades
   Level 1.7(2.2) Axes
 + Level 2.0(2.4) Maces & Flails
 - Level 1.0 Throwing
 + Level 7.5 Armour
 - Level 4.1 Dodging
 - Level 1.1 Hexes
 - Level 1.0 Evocations


You had 7 spell levels left.
You knew the following spells:

 Your Spells              Type           Power        Failure   Level  Hunger
a - Confusing Touch       Hex            #.....       28%         1    ##.....

Your spell library contained the following spells:

 Spells                   Type           Power        Failure   Level  Hunger
 Animate Skeleton         Necr           N/A          41%         1    ##.....
 Apportation              Tloc           #.....       41%         1    ##.....
 Sting                    Conj/Pois      #...         41%         1    ##.....
 Summon Small Mammal      Summ           #...         41%         1    ##.....
 Poisonous Vapours        Pois/Air       #.....       56%         2    ###....
 Mephitic Cloud           Conj/Pois/Air  #.......     80%         3    ####...
 Olgreb's Toxic Radiance  Pois           #.......     99%         4    #####..
 Venom Bolt               Conj/Pois      #.........   100%        5    ######.


Dungeon Overview and Level Annotations

Branches:
Dungeon (6/15)             Temple (0/1) D:6

Shops:
D:4 (

Annotations:
D:4 2 runed translucent doors, Mesmaeker13's ghost, novice DgSk
D:6 Pikel


Innate Abilities, Weirdness & Mutations

You have an increased reservoir of magic. (+10% MP)


Message History

You hit the ogre. You burn the ogre.
The ogre is moderately wounded.
The slave hits you but does no damage.
A slave comes into view.
The ogre hits you but does no damage.
The crimson imp blinks!
You sock the ogre! You burn the ogre.
The ogre is severely wounded.
The slave barely misses you. The ogre closely misses you.
A slave comes into view.
The slave hits you.
You bludgeon the ogre!! You burn the ogre.
The ogre explodes!
The fiery explosion engulfs you!!! The fire burns you terribly!
Ouch! That really hurt!
* * * LOW HITPOINT WARNING * * *
The fiery explosion engulfs Pikel!!
Pikel is heavily wounded.
Your Maces & Flails skill increases to level 2!
You are engulfed in blazing flames.
You die...

#......#
#......####
#......'..#
#......##.#
#......##.#
#......##p#
###p#####.# #p#
#.# #@# #.#
#§#####'##
§K##.....# .
...##...÷.#
!5...##.....#
......'.....#
####
.p....##.....#
#...
..♣..p.##.....#
###... ?♣♣
#.....# #.....


You could see Pikel (inner flame), 4 slaves and a crimson imp (inner flame).

Vanquished Creatures
  6 yaks (D:5)
  Menkaure (D:6)
  A water moccasin (D:6)
  An ice beast (D:6)
  A phantom (D:4)
  2 necrophages (D:5)
  3 ogres
  2 bullfrogs (D:6)
  A wyvern zombie (D:6)
  2 scorpions
  A crimson imp (D:6)
  4 hounds
  A bullfrog skeleton (D:6)
  2 orc wizards
  2 iguanas (D:6)
  4 worker ants
  2 hound zombies (D:6)
  A hound skeleton (D:5)
  7 gnolls
  7 adders
  A shadow imp (D:5)
  An ooze (D:2)
  An adder skeleton (D:6)
  An adder zombie (D:5)
  A dart slug (D:1)
  8 worms
  4 leopard geckos
  12 orcs
  10 bats
  3 giant cockroaches
  8 goblins
  A hobgoblin (D:2)
  9 jackals
  2 quokkas
  A ball python (D:2)
  5 frilled lizards
  4 kobolds
  A quokka zombie (D:6)
  6 rats
130 creatures vanquished.

Notes
Turn   | Place    | Note
-------+----------+-------------------------------------------
     0 | D:1      | Mesmaeker13 the Demigod Wanderer began the quest for the
                  | Orb.
     0 | D:1      | Mesmaeker13 set off with the following items: a +2 dagger,
                  | a curare-tipped dart, a potion of curing, a wand of random
                  | effects (15), a +0 robe, a ration
     0 | D:1      | Reached XP level 1. HP: 16/16 MP: 3/3
   362 | D:1      | Reached XP level 2. HP: 22/23 MP: 5/5
  1201 | D:2      | Reached XP level 3. HP: 29/29 MP: 6/6
  2983 | D:3      | Reached XP level 4. HP: 34/37 MP: 7/7
  3378 | D:3      | Found an iron altar of Okawaru.
  3378 | D:3      | Found a stormy altar of Qazlal.
  3378 | D:3      | Found a shattered altar of Ashenzari.
  3378 | D:3      | Found a white marble altar of Elyvilon.
  3378 | D:3      | Found a shimmering blue altar of Sif Muna.
  3410 | D:3      | Found a sacrificial altar of Ru.
  3410 | D:3      | Found a sparkling altar of Nemelex Xobeh.
  3411 | D:3      | Found a snail-covered altar of Cheibriados.
  3758 | D:3      | Found a basalt altar of Yredelemnul.
  3795 | D:3      | Reached XP level 5. HP: 15/42 MP: 8/8
  4728 | D:4      | Got a fine scale mail
  4766 | D:4      | Identified the +2 scale mail of Focus {-Tele rPois Int+5
                  | Slay+2} (You found it on level 4 of the Dungeon)
  4930 | D:4      | Noticed a phantom
  4942 | D:4      | Killed a phantom
  4942 | D:4      | Reached XP level 6. HP: 48/51 MP: 9/9
  5347 | D:4      | Found a large runed translucent door.
  5348 | D:4      | Found a large runed translucent door.
  5349 | D:4      | Noticed Mesmaeker13's ghost (novice DgSk)
  5525 | D:4      | Found Fyrel's Antique Weapon Boutique.
  5732 | D:5      | Entered Level 5 of the Dungeon
  6300 | D:5      | Reached XP level 7. HP: 59/59 MP: 10/10
  6430 | D:5      | Found the +5 robe of Night {Dark MR+ SInv}
  6784 | D:5      | Noticed a yak
  6784 | D:5      | Noticed a yak
  6784 | D:5      | Noticed a yak
  6784 | D:5      | Noticed a yak
  6784 | D:5      | Noticed a yak
  6784 | D:5      | Noticed a yak
  6802 | D:5      | Killed a yak
  6809 | D:5      | Killed a yak
  6809 | D:5      | Reached skill level 5 in Fighting
  6809 | D:5      | Reached skill level 5 in Armour
  6815 | D:5      | Killed a yak
  6816 | D:5      | Killed a yak
  6816 | D:5      | Reached XP level 8. HP: 63/70 MP: 11/11
  7865 | D:6      | Learned a level 1 spell: Confusing Touch
  8100 | D:6      | Found a staircase to the Ecumenical Temple.
  8124 | D:6      | Noticed Menkaure
  8168 | D:6      | Killed Menkaure
  8168 | D:6      | Reached skill level 1 in Hexes
  8462 | D:4      | Bought a crude flail for 263 gold pieces
  8463 | D:4      | Identified the +3 flail of Yscheaf {flame, rC+ MP+9} (You
                  | bought it in a shop on level 4 of the Dungeon)
  8741 | D:6      | Reached skill level 1 in Maces & Flails
  8744 | D:6      | Reached XP level 9. HP: 66/78 MP: 12/12
  9118 | D:6      | Noticed Pikel
  9124 | D:6      | Engulfed by a cloud of flame

Skill      XL: |  1  2  3  4  5  6  7  8  9 |
---------------+----------------------------+-----
Fighting       | 2 3 4 5 7 |  7.5
Dodging        | 2 3 4 |  4.1
Armour         | 2 3 4 5 7 |  7.5
Hexes          | 1 |  1.1
Maces & Flails | 1 2 |  2.0
Short Blades   | |  2.6
Axes           | |  1.7
Throwing       | |  1.0
Evocations     | |  1.0

Action                   |  1- 3 |  4- 6 |  7- 9 || total
-------------------------+-------+-------+-------++-------
Melee: Dagger            |   184 |   219 |   199 ||   602
       Flail             |       |       |    51 ||    51
Throw: Dart              |       |     4 |     1 ||     5
       Throwing net      |       |     1 |     1 ||     2
Evoke: Wand              |     8 |     5 |     5 ||    18
  Use: Scroll            |     3 |     4 |     2 ||     9
       Potion            |     1 |       |     2 ||     3
 Stab: Paralysed         |       |     5 |       ||     5
  Eat: Chunk             |     3 |     7 |     6 ||    16
       Ration            |     1 |     1 |     1 ||     3
Armor: Robe              |     3 |       |       ||     3
       Ring mail         |    45 |    39 |       ||    84
       Scale mail        |       |    29 |    73 ||   102
       Skin              |       |       |    12 ||    12
Dodge: Dodged            |   104 |   112 |   121 ||   337
